 Dungeon Crawl Stone Soup version 0.31-a0-848-gaac375c287 (webtiles) character file.

Game seed: 2540004508681669987

501 IdlyInterested the Trooper (level 6, -4/51 HPs)
             Began as a Demonspawn Wanderer on Oct 2, 2023.
             Slain by Menkaure (11 damage)
             ... on level 4 of the Dungeon on Oct 4, 2023.
             The game lasted 00:15:11 (3886 turns).

IdlyInterested the Trooper (Demonspawn Wanderer)    Turns: 3886, Time: 00:15:12

Health: -4/51      AC: 10    Str: 11    XL:     6   Next: 95%
Magic:  9/9        EV:  8    Int: 15    God:
Gold:   148        SH:  8    Dex: 14    Spells: 9/9 levels left

rFire   . . .        n - +0 falchion (flame)
rCold   . . .        d - +0 buckler
rNeg    + . .        p - +0 scale mail
rPois   .            (no helmet)
rElec   .            w - +0 cloak
rCorr   .            (no gloves)
SInv    .            (no boots)
Will    .....        u - amulet of the acrobat
Stlth   +            f - ring of positive energy
HPRegen 0.28/turn    (no ring)
MPRegen 0.11/turn

%: acrobat
@: no status effects
A: icy blue scales 2, condensation shield
a: no special abilities


You were on level 4 of the Dungeon.
You visited 1 branch of the dungeon, and saw 4 of its levels.

You collected 148 gold pieces.

Inventory:

Hand Weapons
 a - a +0 dagger
 n - a +0 falchion of flaming (weapon)
 B - a +0 rapier
Missiles
 h - 2 boomerangs (quivered)
 i - 37 stones
 A - 4 darts of dispersal
Armour
 c - a +0 robe
 d - a +0 buckler (worn)
 l - a +0 kite shield
 p - a +0 scale mail (worn)
 s - a +0 ring mail
 w - a +0 cloak (worn)
 y - a +0 chain mail
Jewellery
 f - a ring of positive energy (left hand)
 u - an amulet of the acrobat (around neck)
Talismans
 v - a blade talisman
Wands
 o - a wand of light (5)
Scrolls
 b - a scroll of fear {unknown}
 g - a scroll of revelation
 j - 2 scrolls of brand weapon
 t - a scroll of teleportation
 x - a scroll of blinking
Potions
 m - a potion of enlightenment
 z - a potion of haste {unknown}


   Skills:
 + Level 5.4 Fighting
 - Level 2.0 Throwing
 - Level 2.0 Armour
 - Level 2.0 Dodging
 - Level 2.0 Stealth
 - Level 1.7 Shields
 - Level 2.0 Spellcasting
 - Level 3.6 Air Magic
 + Level 1.0 Evocations


You had 9 spell levels left.
You didn't know any spells.
Your spell library contained the following spells:

 Spells                   Type           Power      Damage    Failure   Level
 Shock                    Conj/Air       24%        1d4       65%         1
 Swiftness                Air            12%        N/A       77%         3
 Static Discharge         Conj/Air       12%        2-3/arc   80%         2
 Cigotuvi's Dreadful Rot  Necr/Pois/Air  10%        N/A       86%         2
 Magic Dart               Conj           4%         1d3       88%         1
 Slow                     Hex            4%         N/A       88%         1
 Searing Ray              Conj           2%         2d4       95%         2
 Gell's Gravitas          Tloc           1%         N/A       99%         3
 Sigil of Binding         Hex            1%         N/A       99%         3
 Teleport Other           Tloc           1%         N/A       99%         3
 Airstrike                Air            6%         2d(1-17)  99%         4
 Fulminant Prism          Conj/Hex       0%         3d5       100%        4
 Dispersal                Tloc           0%         N/A       100%        6


Dungeon Overview and Level Annotations

Branches:
Dungeon (4/15)
 Temple: D:4-7

Altars:
Dithmenos

Annotations:
D:4 Menkaure


Innate Abilities, Weirdness & Mutations

You are mostly covered in icy blue scales. (AC +3)
A meltable shield of frost defends you. (SH +4)


Message History

Menkaure casts a spell.
Menkaure seems to speed up.
You see here a metallic inky potion.
Menkaure gestures at you while chanting.
Pain shoots through your body!
You hit Menkaure but do no damage. Menkaure hits you!!
* * * LOW HITPOINT WARNING * * *
You block Menkaure's attack.
You hit Menkaure. You burn Menkaure.
Menkaure is lightly damaged.
Menkaure calls on the powers of darkness!
Your body is wracked with pain!
* * * LOW HITPOINT WARNING * * *
You block Menkaure's attack.
You hit Menkaure. You burn Menkaure.
Menkaure is moderately damaged.
Menkaure completely misses you.
You hit Menkaure but do no damage.
Menkaure is moderately damaged.
Menkaure casts a spell at you.
You are unaffected.
Menkaure barely misses you.
You feel better.
Menkaure gestures ominously.
You block Menkaure's attack.
You hit Menkaure. You burn Menkaure.
Menkaure is heavily damaged.
Menkaure hits you but does no damage. Menkaure closely misses you.
You hit Menkaure. You burn Menkaure.
Menkaure is severely damaged.
Menkaure calls on the powers of darkness!
Your body is wracked with pain!
* * * LOW HITPOINT WARNING * * *
You hit Menkaure. You burn Menkaure.
Menkaure is severely damaged.
Menkaure calls on the powers of darkness!
Your body is wracked with pain!
* * * LOW HITPOINT WARNING * * *
Menkaure rustles a few words.
Menkaure hits you!
You die...

#### ...#
...####################
.........#...!.........
.........#.#.......#####
...........#............
..........##....@..####
.........###....M..#
................[..# ..
# ...................#
..##
..........#........# .
... ..........#.########
.. .. .)........#.#
...## ..<.#####.#. .....
.#.#........ #...


You could see Menkaure (fast).

Vanquished Creatures
  Eustachio (D:4)
  An ogre (D:4)
  A gnoll sergeant (D:3)
  2 orc wizards (D:4)
  4 gnolls (D:3)
  3 adders
  2 worms
  2 dart slugs (D:2)
  3 orcs (D:4)
  6 bats
  4 endoplasms
  4 giant cockroaches
  6 hobgoblins
  10 jackals
  5 kobolds
  4 quokkas
  5 ball pythons
  5 frilled lizards
  12 goblins
  6 rats
86 creatures vanquished.

Notes
Turn   | Place    | Note
-------+----------+-------------------------------------------
     0 | D:1      | IdlyInterested the Demonspawn Wanderer began the quest for
                  | the Orb.
     0 | D:1      | IdlyInterested set off with the following items: a +0
                  | dagger, a potion of lignification, a +0 robe, a +0 buckler;
                  | and the following spells available to memorise: Shock,
                  | Static Discharge, Cigotuvi's Dreadful Rot, Slow, Sigil of
                  | Binding.
     0 | D:1      | Reached XP level 1. HP: 13/13 MP: 3/3
    83 | D:1      | Reached skill level 1 in Armour
   161 | D:1      | Gained mutation: You are partially covered in icy blue
                  | scales. (AC +2) [demonic ancestry]
   161 | D:1      | Reached XP level 2. HP: 20/20 MP: 5/5
   193 | D:1      | Reached skill level 1 in Fighting
   360 | D:1      | Reached skill level 1 in Stealth
   710 | D:1      | Reached XP level 3. HP: 19/26 MP: 6/6
   725 | D:1      | Reached skill level 1 in Throwing
  1145 | D:2      | Reached skill level 2 in Fighting
  1627 | D:2      | Gained mutation: A meltable shield of frost defends you.
                  | (SH +4) [demonic ancestry]
  1627 | D:2      | Reached XP level 4. HP: 33/33 MP: 7/7
  2617 | D:3      | Found a faded altar of an unknown god.
  2876 | D:3      | Noticed a gnoll sergeant
  2899 | D:3      | Killed a gnoll sergeant
  2900 | D:3      | Reached skill level 3 in Fighting
  2900 | D:3      | Reached XP level 5. HP: 20/41 MP: 8/8
  3131 | D:3      | Found a shadowy altar of Dithmenos.
  3252 | D:4      | Noticed an ogre
  3263 | D:4      | Killed an ogre
  3264 | D:4      | Reached skill level 4 in Fighting
  3264 | D:4      | Gained mutation: You are mostly covered in icy blue scales.
                  | (AC +3) [demonic ancestry]
  3264 | D:4      | Reached XP level 6. HP: 21/48 MP: 9/9
  3559 | D:4      | Noticed Eustachio
  3642 | D:4      | Killed Eustachio
  3643 | D:4      | Reached skill level 5 in Fighting
  3643 | D:4      | Upgraded the game from 0.31-a0-845-g9abc20d24f to
                  | 0.31-a0-848-gaac375c287
  3873 | D:4      | Noticed Menkaure
  3886 | D:4      | Slain by Menkaure

Illustrated notes

Levels and vault maps discovered:
D:1:      minmay_arrival_arboretum_small, layout_basic, nrook_mini_vaults,
          minmay_hexomino_c4
D:2:      layout_basic, serial_rivers, chequers_serial_rivers_room_b,
          chequers_serial_rivers_small_3, chequers_serial_rivers_micro_a,
          chequers_serial_rivers_small_3, chequers_serial_rivers_large_b,
          chequers_serial_rivers_small_b
D:3:      layout_basic, grunt_dithmenos_smoke_and_mirrors,
          shapermc_ecumenical_altar_mp_ritualfount
D:4:      layout_basic, slow_altar_2, minitemple, serial_shops,
          nicolae_square_shop, guppyfry_shop_venom, uniq_menkaure,
          uniq_eustachio

Skill      XL: |  1  2  3  4  5  6 |
---------------+-------------------+-----
Armour         | 1 2 |  2.0
Fighting       | 1 2 3 4 5 |  5.4
Stealth        | 1 2 |  2.0
Throwing       | 1 2 |  2.0
Dodging        | 2 |  2.0
Shields        | |  1.7
Spellcasting   | |  2.0
Air Magic      | |  3.6
Evocations     | |  1.0

Action                     |  1- 3 |  4- 6 || total
---------------------------+-------+-------++-------
  Melee: Dagger            |   138 |       ||   138
         Falchion          |    68 |   168 ||   236
         Unarmed           |       |    20 ||    20
  Throw: Boomerang         |     4 |    36 ||    40
  Evoke: Wand              |       |     1 ||     1
    Use: Scroll            |     1 |     4 ||     5
         Potion            |       |     9 ||     9
   Stab: Sleeping          |     3 |       ||     3
         Invisible         |       |     3 ||     3
 Armour: Robe              |   106 |       ||   106
         Ring mail         |       |    35 ||    35
         Scale mail        |       |   184 ||   184
         Skin              |       |    41 ||    41
  Dodge: Dodged            |   115 |   146 ||   261
  Block: Buckler           |    46 |   130 ||   176

Table legend: (Time is in decaauts)
 A = Elapsed time spent in this place.
 B = Non-inter-level travel time spent in this place.
 C = Inter-level travel time spent in this place.
 D = Time resting spent in this place.
 E = Time spent auto-exploring this place.
 F = Levels seen in this place.
 G = Mean time per level.
                   A        B        C        D        E       F      G
               +--------+--------+--------+--------+--------+-----+--------+
         Total |   4052 |   3401 |    651 |    492 |   1654 |   4 | 1013.0 |
       Dungeon |   4052 |   3401 |    651 |    492 |   1654 |   4 | 1013.0 |
               +--------+--------+--------+--------+--------+-----+--------+

Top non-repeatable levels by time:
     D:2: 1748 daAuts
     D:1: 953 daAuts
     D:3: 889 daAuts
     D:4: 462 daAuts
